 Dungeon Crawl Stone Soup version 0.19-a0-1047-g4b671ad (webtiles) character file.

93 Musica the Sneak (level 4, 0/21 HPs)
             Began as a Spriggan Enchanter on July 31, 2016.
             Was an Initiate of Ashenzari.
             Slain by a hobgoblin
             ... wielding a +0 club
             ... led by Robin
              (2 damage)
             ... on level 2 of the Dungeon.
             The game lasted 00:09:19 (1924 turns).

Musica the Sneak (Spriggan Enchanter)               Turns: 1924, Time: 00:09:20

Health: 0/21       AC:  3    Str:  4    XL:     4   Next: 37%
Magic:  2/9        EV: 18    Int: 17    God:    Ashenzari [......]
Gold:   68         SH:  0    Dex: 16    Spells: 3 memorised, 3 levels left

rFire  . . .     SeeInvis +     f - +3 short sword
rCold  . . .     Gourm    .     b - +1 robe
rNeg   . . .     Faith    .     (shield restricted)
rPois  .         Spirit   .     (helmet restricted)
rElec  .         Dismiss  .     (no cloak)
rCorr  .         Reflect  .     (gloves unavailable)
SustAt .         Harm     .     (boots unavailable)
MR     .....                    (no amulet)
Stlth  ++++......               (no ring)
                                (no ring)

@: lethally poisoned (0 -> -3), very quick, not resistant to hostile
enchantments, stealthy
A: unfitting armour, see invisible, herbivore 3, speed 3, slow metabolism 2
a: Curse Item, Renounce Religion


You were on level 2 of the Dungeon.
You worshipped Ashenzari.
Ashenzari was noncommittal.
You were not hungry.

You visited 1 branch of the dungeon, and saw 3 of its levels.

You collected 68 gold pieces.

Inventory:

Hand Weapons
 a - a +1 dagger
 f - a +3 short sword (weapon)
Missiles
 g - 112 stones (quivered)
 h - 12 sling bullets
 i - 17 poisoned needles
Armour
 b - a +1 robe (worn)
Scrolls
 k - a scroll of identify
 l - a scroll of remove curse
Potions
 e - a potion of brilliance
Books
 c - a book of Maledictions

   Spells                             Type                      Level
   a - Corona                         Hexes                        1
   b - Ensorcelled Hibernation        Hexes/Ice                    2
   c - Confuse                        Hexes                        3
   d - Tukima's Dance                 Hexes                        3
   e - Dazzling Spray                 Conjuration/Hexes            3
Comestibles
 d - 3 bread rations


   Skills:
 + Level 1.4 Short Blades
 - Level 3.0 Dodging
 + Level 6.8 Stealth
 - Level 3.1 Spellcasting
 - Level 4.2 Hexes
 - Level 0.1 Ice Magic


You had 3 spell levels left.
You knew the following spells:

 Your Spells              Type           Power        Failure   Level  Hunger
a - Corona                Hex            ###....      2%          1    None
b - Ensorcelled Hibernat  Hex/Ice        ##....       12%         2    ##.....
c - Dazzling Spray        Conj/Hex       #.....       24%         3    ###....


Dungeon Overview and Level Annotations

Branches:
Dungeon (3/15)

Altars:
Ashenzari
Sif Muna


Innate Abilities, Weirdness & Mutations

You are tiny and cannot use many weapons and most armour.
You have supernaturally acute eyesight. (SInv)
You are a herbivore.
You cover ground extremely quickly.
You need consume almost no food.


Message History

The hobgoblin is heavily wounded.
You feel sick. The goblin closely misses you. The hobgoblin barely misses you.
The hobgoblin closely misses you.
You barely miss the hobgoblin.
The hobgoblin is heavily wounded.
The goblin hits you. The hobgoblin completely misses you.
You closely miss the hobgoblin.
The hobgoblin is heavily wounded.
You feel sick. The hobgoblin hits you with a club.
* * * LOW HITPOINT WARNING * * *
The goblin barely misses you. The hobgoblin barely misses you.
You hit the hobgoblin but do no damage.
The hobgoblin is heavily wounded.
The hobgoblin closely misses you. The goblin hits you.
* * * LOW HITPOINT WARNING * * *
The hobgoblin closely misses you.
You closely miss the hobgoblin.
The hobgoblin is heavily wounded.
The hobgoblin hits you with a club.
You die...

#.# #'# ##### #.# #.##
####.############..#
#....#.............#
#.####.#############
#.# #.##### #.# #.....#
##### #.#
#####.######## #....
#.# #.#g@gg..# #.###
#.# #.#g####.# #.# #.#
##.#g####.##### #.#
#.#######......ggg.g..#
#.#
#............####g###.#
#.# #.#######....# #.#
#.# #.# #.# ##.#.# #.#
#.# #.# ###.### #.#.#
#.# #.# #.# #.....#
#...# #.###.# #.#


You could see 2 hobgoblins and 3 goblins.

Vanquished Creatures
  Robin (D:2)
  4 adders (D:2)
  3 worms (D:2)
  2 dart slugs (D:2)
  2 giant cockroaches (D:1)
  6 goblins
  3 hobgoblins (D:1)
  A ball python (D:1)
  A bat (D:1)
  3 giant newts (D:2)
  8 kobolds
  8 rats
42 creatures vanquished.

Notes
Turn   | Place    | Note
-------+----------+-------------------------------------------
     0 | D:1      | Musica the Spriggan Enchanter began the quest for the Orb.
     0 | D:1      | Reached XP level 1. HP: 9/9 MP: 5/5
   158 | D:1      | Reached XP level 2. HP: 9/13 MP: 5/7
   218 | D:1      | Learned a level 2 spell: Ensorcelled Hibernation
   297 | D:1      | Found a shattered altar of Ashenzari.
   824 | D:2      | Reached skill level 5 in Stealth
   875 | D:2      | Found a deep blue altar of Sif Muna.
   912 | D:1      | Became a worshipper of Ashenzari the Shackled
   971 | D:2      | Reached XP level 3. HP: 8/16 MP: 3/8
   976 | D:2      | Learned a level 3 spell: Dazzling Spray
  1286 | D:2      | Noticed Robin
  1510 | D:2      | Reached skill level 6 in Stealth
  1691 | D:2      | Reached XP level 4. HP: 21/21 MP: 9/9
  1919 | D:2      | Killed Robin
  1924 | D:2      | Slain by a hobgoblin

Vault maps used:
D:1:      mainiacjoe_arrival_reflecting_pool, evilmike_ruin_ashenzari
D:2:      led_sif_pool, minmay_misc_feat_five, minmay_pentomino_z4, uniq_robin
D:3:      uniq_grinder

Skill      XL: |  1  2  3 |
---------------+----------+-----
Hexes          | 4 |  4.2
Spellcasting   | 3 |  3.1
Stealth        | 5 6 |  6.8
Short Blades   | |  1.4
Dodging        | |  3.0
Ice Magic      | |  0.1

Action                   |  1- 3 |  4- 6 || total
-------------------------+-------+-------++-------
Melee: Dagger            |    73 |       ||    73
       Short sword       |    32 |    23 ||    55
 Cast: Corona            |    11 |       ||    11
       Ensorcelled Hiber |    10 |     8 ||    18
  Use: Scroll            |       |     2 ||     2
       Potion            |       |     2 ||     2
 Stab: Sleeping          |    19 |     1 ||    20
       Distracted        |       |     3 ||     3
Armor: Robe              |     9 |     3 ||    12
Dodge: Dodged            |   108 |    42 ||   150
